 Dungeon Crawl Stone Soup version 0.26.1-11-gd32895ea62 (webtiles) character file.

Game seed: 400436208379883634

497 Zeld the Twirler (level 7, 0/67 HPs)
             Began as an Octopode Gladiator on May 23, 2021.
             Succumbed to a worker ant's poison
             ... on level 5 of the Dungeon.
             The game lasted 00:04:22 (5109 turns).

Zeld the Twirler (Octopode Gladiator)               Turns: 5109, Time: 00:04:22

Health: 0/67       AC: 23    Str: 15 (16) XL:     7   Next: 16%
Magic:  7/7        EV:  2    Int:  7 (10) God:
Gold:   312        SH:  0    Dex: 11 (13) Spells: 6/6 levels left

rFire    + . .     SeeInvis +   a - +0 quarterstaff
rCold    + + .     Faith    .   (shield currently unavailable)
rNeg     + + +     Spirit   .   (helmet currently unavailable)
rPois    +         Reflect  .   (no amulet)
rElec    +         Harm     .   i - ring of protection from cold
rCorr    +         Rampage  .   g - ring of see invisible
Will     .....     NoTele   +   (no ring)
Stlth    +.........             (no ring)
HPRegen  0.21/turn              (no ring)
MPRegen  0.10/turn              (no ring)
                                (no ring)
                                (no ring)

@: lethally poisoned (0 -> -3), tree-form, resistant, berserk cooldown, hasted
and slowed
A: almost no armour, stealthy swim, (amphibious), 8 rings, (constrict 8)
a: no special abilities


You were on level 5 of the Dungeon.
You were a tree.
You visited 1 branch of the dungeon, and saw 5 of its levels.

You collected 312 gold pieces.

Inventory:

Hand Weapons
 a - a +0 quarterstaff (weapon)
Missiles
 c - 3 throwing nets
 d - 21 poisoned darts
 p - 5 boomerangs
Armour
 b - a +1 hat (melded)
Jewellery
 g - a ring of see invisible (right branch)
 i - a ring of protection from cold (left branch)
Wands
 j - a wand of random effects (8)
Scrolls
 e - 5 scrolls of identify
 f - a scroll of magic mapping
 h - 3 scrolls of teleportation
 l - 2 scrolls of remove curse
Potions
 k - a potion of degeneration
 m - a potion of haste


   Skills:
 - Level 2.0 Fighting
 * Level 7.9 Staves
 - Level 2.0 Throwing
 - Level 3.0 Dodging


You had 6 spell levels left.
You didn't know any spells.
Your spell library contained the following spells:

 Spells                   Type           Power        Failure   Level
 Corona                   Hex            0%           43%         1
 Ensorcelled Hibernation  Hex/Ice        0%           56%         2
 Confusing Touch          Hex            0%           80%         3
 Dazzling Flash           Conj/Hex       0%           80%         3
 Tukima's Dance           Hex            0%           80%         3


Dungeon Overview and Level Annotations

Branches:
Dungeon (5/15)
 Temple: D:4-7

Altars:
Dithmenos
The Shining One


Innate Abilities, Weirdness & Mutations

You cannot wear most types of armour.
You are very stealthy in the water. (Stealth+)
((You are amphibious.))
You can wear up to eight rings at the same time.
((You can use your tentacles to constrict eight enemies at once.))
((Your skin changes colour to match your surroundings (Stealth+).))
((Your rubbery body absorbs attacks. (AC +1, EV +1)))


Message History

You feel sick.
It was a potion of berserk rage.
A red film seems to cover your vision as you go berserk!
You feel yourself moving faster!
You feel mighty!
You are no longer corroded.
You are too berserk!
There is a lethal amount of poison in your body!
There is a lethal amount of poison in your body!
You feel a strong urge to attack something.
* * * LOW HITPOINT WARNING * * *
You feel sick.
You feel your anger nearly subside.
* * * LOW HITPOINT WARNING * * *
You feel sick.
You are no longer berserk.
You are exhausted.
You feel yourself slow down.
It was a potion of lignification.
You turn into a tree.
Your +1 hat melds into your body.
Your roots penetrate the ground.
You die...

#. #..# .####.###### #..#
..$........###..#
#..........##..#
#...........#..##########.
#..............##.........
#...........#.###.########
#.####.!...##.....#
#........♣..#####.# #
###########.# #.# #### .#
#.# #... #.#####.#####.##
#.....).........
#..####.#####[##
#......... #.#####.##
..........


There were no monsters in sight!

Vanquished Creatures
  Duvessa (D:4)
  An ogre (D:5)
  Dowan (D:4)
  2 jellies (D:5)
  Jessica (D:2)
  A worker ant (D:5)
  A hound skeleton (D:4)
  2 gnolls (D:1)
  2 adders
  A shadow imp (D:5)
  An ufetubus (D:5)
  An adder skeleton (D:4)
  4 dart slugs
  2 worms
  A leopard gecko (D:3)
  9 orcs
  8 bats
  2 giant cockroaches
  5 goblins
  8 hobgoblins
  2 jackals (D:1)
  6 frilled lizards
  4 kobolds
  6 rats
72 creatures vanquished.

Notes
Turn   | Place    | Note
-------+----------+-------------------------------------------
     0 | D:1      | Zeld the Octopode Gladiator began the quest for the Orb.
     0 | D:1      | Reached XP level 1. HP: 14/14 MP: 1/1
    14 | D:1      | Reached XP level 2. HP: 11/19 MP: 2/2
   326 | D:1      | Reached skill level 4 in Staves
   352 | D:1      | Reached XP level 3. HP: 22/24 MP: 3/3
  1590 | D:2      | Reached XP level 4. HP: 27/29 MP: 4/4
  1708 | D:2      | Noticed Jessica
  1710 | D:2      | Killed Jessica
  1711 | D:2      | Reached skill level 5 in Staves
  2151 | D:3      | Reached XP level 5. HP: 23/34 MP: 5/5
  2791 | D:3      | Found a glowing golden altar of the Shining One.
  2799 | D:3      | Found a shadowy altar of Dithmenos.
  3603 | D:4      | Noticed Dowan
  3872 | D:4      | Noticed Duvessa
  3971 | D:4      | Killed Duvessa
  3972 | D:4      | Reached skill level 6 in Staves
  3972 | D:4      | Reached XP level 6. HP: 24/39 MP: 6/6
  4458 | D:4      | Killed Dowan
  4459 | D:4      | Reached skill level 7 in Staves
  4644 | D:5      | Entered Level 5 of the Dungeon
  4662 | D:5      | Noticed a phantom
  4966 | D:5      | Reached XP level 7. HP: 43/45 MP: 7/7
  5101 | D:5      | HP: 2/45 [poisoned by a worker ant]
  5107 | D:5      | HP: 1/67 [poisoned by a worker ant]
  5109 | D:5      | Succumbed to a worker ant's poison

Illustrated notes

Levels and vault maps discovered:
D:1:      eino_arrival_water_cross, layout_basic, moated_statue
D:2:      layout_rooms, serial_curves, eino_curves_03, eino_curves_01,
          uniq_jessica
D:3:      layout_basic, amethyst_overflow_temple_binary
D:4:      layout_loops_ring, uniq_duvessa
D:5:      layout_loops_ring, serial_shops, shop, shop

Skill      XL: |  1  2  3  4  5  6 |
---------------+-------------------+-----
Staves         | 4 5 6 7 |  7.9
Fighting       | |  2.0
Throwing       | |  2.0
Dodging        | |  3.0

Action                   |  1- 3 |  4- 6 |  7- 9 || total
-------------------------+-------+-------+-------++-------
Melee: Quarterstaff      |    54 |    86 |    10 ||   150
       Constrict         |    15 |    21 |     2 ||    38
       Tentacles         |     4 |    18 |     4 ||    26
  Use: Scroll            |       |     8 |       ||     8
       Potion            |       |       |     5 ||     5
 Stab: Sleeping          |     6 |     8 |       ||    14
Armor: Skin              |     5 |     6 |       ||    11
Dodge: Dodged            |    30 |    44 |     5 ||    79
